SKY
ARIZONA DIAMONDBACKS @ SAN FRANCISCO GIANTS
08/30/2051
 
TOP OF THE 1ST
Arizona Diamondbacks batting - Pitching for San Francisco Giants : RHP Sam Lettich
Pitching: RHP Sam Lettich
Batting: LHB Glenn Pichardo 0-0: Ball
1-0: SINGLE (Groundball, 4MD, EV 104.4 MPH)
Batting: RHB Duncan Hancock 0-0: Called Strike
0-1: Ball
1-1: Foul Ball, location: 9LDF
1-2: Foul Ball, location: 2RF, Error on foul ball, E2
1-2: Ball
2-2: Ball
3-2: Foul Ball, location: 9LDF
3-2: Fly out, F8 (Flyball, 8LM, EV 86.3 MPH)
Batting: LHB P.T. Bailey 0-0: Ball
1-0: Ball
2-0: SINGLE (Groundball, 34D, EV 99.4 MPH)
Glenn Pichardo to second
Runner from 2nd tries for 3rd, SAFE, no throw by RF
Batting: LHB Peter Conrad 0-0: Fielders Choice at 2nd, 1-6 (Groundball, 34S, EV 71.3 MPH)
Batting: RHB Gaius Raton 0-0: Ground out 5-3 (Groundball, 56S, EV 77.5 MPH)
Top of the 1st over - 0 runs, 2 hits, 1 error, 2 left on base; Arizona 0 - San Francisco 0
BOTTOM OF THE 1ST
San Francisco Giants batting - Pitching for Arizona Diamondbacks : RHP Corbin Snyder
Pitching: RHP Corbin Snyder
Batting: RHB Kaiden Clackum 0-0: Ball
1-0: Ground out 5-3 (Groundball, 56, EV 81.9 MPH)
Batting: LHB Jeff Edelman 0-0: TRIPLE (Line Drive, 7LD, EV 110.0 MPH)
Batting: RHB Theodore Phu 0-0: Ball
Wild Pitch!
Jeff Edelman scores
1-0: Called Strike
1-1: Ball
2-1: Foul Ball, location: 5F
2-2: Foul Ball, location: 2F
2-2: Strikes out swinging
Batting: RHB Abraham Whiteman 0-0: Called Strike
0-1: Swinging Strike
0-2: Strikes out swinging
Bottom of the 1st over - 1 run, 1 hit, 0 errors, 0 left on base; Arizona 0 - San Francisco 1
TOP OF THE 2ND
Arizona Diamondbacks batting - Pitching for San Francisco Giants : RHP Sam Lettich
Batting: LHB Wil Solís 0-0: Foul Ball, location: 2F
0-1: Swinging Strike
0-2: Ball
1-2: Ball
2-2: Strikes out looking
Batting: SHB Enrique Mata 0-0: Called Strike
0-1: Swinging Strike
0-2: Strikes out swinging
Batting: RHB Josef Horne 0-0: Called Strike
0-1: Called Strike
0-2: Ball
1-2: Foul Ball, location: 9LSF
1-2: Fly out, F4 (Popup, 23, EV 89.4 MPH)
Top of the 2nd over - 0 runs, 0 hits, 0 errors, 0 left on base; Arizona 0 - San Francisco 1
BOTTOM OF THE 2ND
San Francisco Giants batting - Pitching for Arizona Diamondbacks : RHP Corbin Snyder
Batting: RHB Zavier Austin 0-0: Ball
1-0: Foul Ball, location: 2F
1-1: SINGLE (Line Drive, 9LM, EV 105.6 MPH)
Batting: RHB Solomon Ding 0-0: Called Strike
0-1: SINGLE (Line Drive, 7S, EV 96.9 MPH)
Zavier Austin to second
Batting: RHB Rhett Damewood 0-0: Bunted foul
0-1: Sac Bunt to 15S - play at first, batter safe!
Zavier Austin to third
Solomon Ding to second
Batting: RHB Nolan Peterson 0-0: Ball
1-0: Fly out, F6 (Popup, P, EV 90.0 MPH)
Batting: RHB Zaiden Parker 0-0: Fly out, F8 (Flyball, 8RD, EV 93.8 MPH)
Runner from 3rd tags up, SCORES, throw by CF
Batting: RHB Kaiden Clackum 0-0: Ball
1-0: Ball
2-0: SINGLE (Groundball, 6MD, EV 103.1 MPH)
Solomon Ding to third
Rhett Damewood to second
Runner from 3rd tries for Home, SAFE, throw by CF to home
Batting: LHB Jeff Edelman 0-0: Called Strike
0-1: TRIPLE (Groundball, 3L, EV 104.4 MPH)
Rhett Damewood scores
Kaiden Clackum scores
Batting: RHB Theodore Phu 0-0: Called Strike
0-1: Ball
Wild Pitch!
Jeff Edelman scores
1-1: Foul Ball, location: 2F
1-2: Ball
2-2: Ground out 5-3 (Groundball, 56, EV 82.5 MPH)
Bottom of the 2nd over - 5 runs, 5 hits, 0 errors, 0 left on base; Arizona 0 - San Francisco 6
TOP OF THE 3RD
Arizona Diamondbacks batting - Pitching for San Francisco Giants : RHP Sam Lettich
Batting: RHB Jodie Molen 0-0: Fly out, F7 (Line Drive, 7, EV 88.8 MPH)
Batting: LHB Glenn Pichardo 0-0: Foul Ball, location: 3FF
0-1: Foul Ball, location: 3FF
0-2: Ball
1-2: Foul Ball, location: 2F
1-2: Foul Ball, location: 9LMF
1-2: Fly out, F7 (Flyball, 78S, EV 90.6 MPH)
Batting: RHB Duncan Hancock 0-0: Swinging Strike
0-1: Called Strike
0-2: Ball
1-2: Ball
2-2: Foul Ball, location: 2F
2-2: Ball
3-2: Base on Balls
Batting: LHB P.T. Bailey 0-0: Ball
1-0: Called Strike
1-1: Ball
2-1: Ball
3-1: Fly out, F7 (Flyball, 7, EV 83.1 MPH)
Top of the 3rd over - 0 runs, 0 hits, 0 errors, 1 left on base; Arizona 0 - San Francisco 6
BOTTOM OF THE 3RD
San Francisco Giants batting - Pitching for Arizona Diamondbacks : RHP Corbin Snyder
Batting: RHB Abraham Whiteman 0-0: Ball
1-0: Ball
2-0: Ground out U3 (Groundball, 34, EV 84.4 MPH)
Batting: RHB Zavier Austin 0-0: Called Strike
0-1: Ball
1-1: Foul Ball, location: 3FF
1-2: Fly out, F7 (Line Drive, 7, EV 88.8 MPH)
Batting: RHB Solomon Ding 0-0: Ball
1-0: Ball
2-0: Foul Ball, location: 5FF
2-1: Ball
3-1: Foul Ball, location: 9LSF
3-2: SINGLE (Groundball, 2R, EV 69.4 MPH) (infield hit)
Batting: RHB Rhett Damewood 0-0: Called Strike
0-1: Ball
1-1: Called Strike
1-2: Strikes out swinging
Bottom of the 3rd over - 0 runs, 1 hit, 0 errors, 1 left on base; Arizona 0 - San Francisco 6
TOP OF THE 4TH
Arizona Diamondbacks batting - Pitching for San Francisco Giants : RHP Sam Lettich
Batting: LHB Peter Conrad 0-0: Ball
1-0: Called Strike
1-1: Ground out 4-3 (Groundball, 34, EV 88.8 MPH)
Batting: RHB Gaius Raton 0-0: Ball
1-0: Ball
2-0: Called Strike
2-1: SINGLE (Line Drive, 8LS, EV 106.3 MPH)
Batting: LHB Wil Solís 0-0: DOUBLE (Line Drive, 78M, EV 89.4 MPH)
Gaius Raton to third
Runner from 3rd tries for Home, SAFE, throw by CF to trailing runner, SAFE at third!
Batting: SHB Enrique Mata 0-0: Called Strike
0-1: SINGLE (Groundball, 34S, EV 71.3 MPH) (infield hit)
Wil Solís scores
Batting: RHB Josef Horne 0-0: Called Strike
0-1: Swinging Strike
0-2: Foul Ball, location: 3F
0-2: Ball
1-2: SINGLE (Groundball, 34D, EV 97.5 MPH)
Enrique Mata to second
Batting: RHB Jodie Molen 0-0: Grounds into double play, 6-4-3 (Groundball, 6, EV 87.5 MPH)
Top of the 4th over - 2 runs, 4 hits, 0 errors, 1 left on base; Arizona 2 - San Francisco 6
BOTTOM OF THE 4TH
San Francisco Giants batting - Pitching for Arizona Diamondbacks : RHP Corbin Snyder
Batting: RHB Nolan Peterson 0-0: Ball
1-0: Ball
2-0: Foul Ball, location: 3DF
2-1: Swinging Strike
2-2: Strikes out swinging
Batting: RHB Zaiden Parker 0-0: Ground out 5-3 (Groundball, 5, EV 106.9 MPH)
Batting: RHB Kaiden Clackum 0-0: Ball
1-0: Ball
2-0: Called Strike
2-1: TRIPLE (Groundball, 3L, EV 98.8 MPH)
Pitching: RHP Marco Ortiz
Batting: LHB Jeff Edelman 0-0: Ball
1-0: Foul Ball, location: 5F
1-1: SINGLE (Line Drive, 9S, EV 103.1 MPH)
Kaiden Clackum scores
Batting: RHB Theodore Phu 0-0: Fly out, F9 (Flyball, 89S, EV 91.3 MPH)
Bottom of the 4th over - 1 run, 2 hits, 0 errors, 1 left on base; Arizona 2 - San Francisco 7
TOP OF THE 5TH
Arizona Diamondbacks batting - Pitching for San Francisco Giants : RHP Sam Lettich
Batting: LHB Glenn Pichardo 0-0: Called Strike
0-1: Ball
1-1: Foul Ball, location: 9LDF
1-2: Ball
2-2: Foul Ball, location: 2F
2-2: Foul Ball, location: 9LDF
2-2: Ball
3-2: Foul Ball, location: 2F
3-2: Base on Balls
Batting: RHB Duncan Hancock 0-0: Ball
1-0: Called Strike
1-1: Called Strike
1-2: Ball
2-2: Ball
3-2: Strikes out looking
Batting: LHB P.T. Bailey 0-0: Ball
1-0: Grounds into double play, 6-4-3 (Groundball, 6MS, EV 83.8 MPH)
Top of the 5th over - 0 runs, 0 hits, 0 errors, 0 left on base; Arizona 2 - San Francisco 7
BOTTOM OF THE 5TH
San Francisco Giants batting - Pitching for Arizona Diamondbacks : RHP Marco Ortiz
Batting: RHB Abraham Whiteman 0-0: Foul Ball, location: 9LMF
0-1: Foul Ball, location: 9LDF
0-2: Ball
1-2: Ball
2-2: Ball
3-2: Foul Ball, location: 2F
3-2: Foul Ball, location: 5F
3-2: Fly out, F7 (Line Drive, 7D, EV 88.8 MPH)
Batting: RHB Zavier Austin 0-0: Ball
1-0: Ground out 4-3 (Groundball, 4, EV 108.8 MPH)
Batting: RHB Solomon Ding 0-0: Called Strike
0-1: Fly out, F8 (Flyball, 8RD, EV 95.0 MPH)
Bottom of the 5th over - 0 runs, 0 hits, 0 errors, 0 left on base; Arizona 2 - San Francisco 7
TOP OF THE 6TH
Arizona Diamondbacks batting - Pitching for San Francisco Giants : RHP Sam Lettich
Batting: LHB Peter Conrad 0-0: Ball
1-0: Foul Ball, location: 5FF
1-1: Ball
2-1: Ball
3-1: Swinging Strike
3-2: Base on Balls
Batting: RHB Gaius Raton 0-0: Ball
1-0: Ball
2-0: SINGLE (Groundball, 15, EV 70.6 MPH) (infield hit)
Peter Conrad to second
Batting: LHB Wil Solís 0-0: Ball
1-0: Ball
2-0: Ball
3-0: Called Strike
3-1: Foul Ball, location: 25FF
3-2: Foul Ball, location: 7LDF
3-2: Foul Ball, location: 5F
3-2: Fly out, F8 (Flyball, 8LS, EV 93.1 MPH)
Pitching: RHP Xavier Basha
Batting: SHB Enrique Mata 0-0: SINGLE (Line Drive, 56D, EV 94.4 MPH)
Peter Conrad to third
Gaius Raton to second
Batting: RHB Josef Horne 0-0: Ball
Passed Ball!
Peter Conrad scores
Gaius Raton to third
Enrique Mata to second
1-0: DOUBLE (Flyball, 8LD, EV 106.3 MPH)
Gaius Raton scores
Enrique Mata scores
Batting: RHB Jodie Molen 0-0: Ball
1-0: Reached via error on a dropped throw from 3B, E3 (Groundball, 56, EV 98.1 MPH)
Josef Horne to third
Batting: LHB Glenn Pichardo 0-0: Foul Ball, location: 3F
0-1: Ball
1-1: Ball
2-1: Called Strike
2-2: Strikes out swinging
Batting: RHB Duncan Hancock 0-0: Ball
1-0: Foul Ball, location: 2RF
1-1: Swinging Strike
1-2: Foul Ball, location: 25F
1-2: Ball
2-2: Foul Ball, location: 25F
2-2: Ball
3-2: SINGLE (Line Drive, 6M, EV 100.0 MPH)
Josef Horne scores
Jodie Molen to second
Jodie Molen to third
Batting: LHB P.T. Bailey 0-0: Called Strike
0-1: Ball
1-1: Called Strike
1-2: Fly out, F8 (Flyball, 8RM, EV 78.8 MPH)
Top of the 6th over - 4 runs, 4 hits, 1 error, 2 left on base; Arizona 6 - San Francisco 7
BOTTOM OF THE 6TH
San Francisco Giants batting - Pitching for Arizona Diamondbacks : RHP Marco Ortiz
Batting: RHB Rhett Damewood 0-0: Called Strike
0-1: Called Strike
0-2: Ball
1-2: Strikes out swinging
Batting: RHB Nolan Peterson 0-0: Ball
1-0: Called Strike
1-1: Foul Ball, location: 5SF
1-2: SINGLE (Groundball, 25, EV 68.8 MPH) (infield hit)
Batting: RHB Zaiden Parker 0-0: 2-RUN HOME RUN (Flyball, 9LD, EV 91.3 MPH), Distance : 326 ft
Batting: RHB Kaiden Clackum 0-0: Swinging Strike
0-1: Swinging Strike
0-2: Ball
1-2: SINGLE (Line Drive, 56, EV 103.8 MPH)
Batting: LHB Jeff Edelman 0-0: Ball
1-0: Grounds into double play, 4-6-3 (Groundball, 4MS, EV 84.4 MPH)
Bottom of the 6th over - 2 runs, 3 hits, 0 errors, 0 left on base; Arizona 6 - San Francisco 9
TOP OF THE 7TH
Arizona Diamondbacks batting - Pitching for San Francisco Giants : RHP Xavier Basha
Batting: LHB Peter Conrad 0-0: Foul Ball, location: 2F
0-1: Ball
1-1: Fly out, F8 (Flyball, 8RD, EV 91.9 MPH)
Batting: RHB Gaius Raton 0-0: Foul Ball, location: 2F
0-1: Foul Ball, location: 2F
0-2: Foul Ball, location: 2F
0-2: Foul Ball, location: 2F
0-2: SINGLE (Groundball, 4MD, EV 93.8 MPH)
Batting: LHB Wil Solís 0-0: Ball
Gaius Raton steals 2nd base
1-0: Ball
2-0: Fly out, F7 (Line Drive, 7, EV 90.6 MPH)
Batting: SHB Enrique Mata 0-0: Foul Ball, location: 2RF
0-1: Ball
Wild Pitch!
Gaius Raton to third
1-1: Swinging Strike
1-2: Ground out 4-3 (Groundball, 34D, EV 101.9 MPH)
Top of the 7th over - 0 runs, 1 hit, 0 errors, 1 left on base; Arizona 6 - San Francisco 9
BOTTOM OF THE 7TH
San Francisco Giants batting - Pitching for Arizona Diamondbacks : RHP Marco Ortiz
Batting: RHB Theodore Phu 0-0: Ball
1-0: Ball
2-0: Called Strike
2-1: Foul Ball, location: 2F
2-2: Hit by Pitch
Batting: RHB Abraham Whiteman 0-0: Called Strike
0-1: Foul Ball, location: 25F
0-2: Strikes out swinging
Batting: RHB Zavier Austin 0-0: Called Strike
0-1: Swinging Strike
0-2: Ball
1-2: Strikes out swinging
Batting: RHB Solomon Ding 0-0: Ball
1-0: Swinging Strike
1-1: Foul Ball, location: 25F
1-2: Ball
2-2: Strikes out looking
Bottom of the 7th over - 0 runs, 0 hits, 0 errors, 1 left on base; Arizona 6 - San Francisco 9
TOP OF THE 8TH
Arizona Diamondbacks batting - Pitching for San Francisco Giants : RHP Xavier Basha
Batting: RHB Josef Horne 0-0: Called Strike
0-1: Swinging Strike
0-2: Ball
1-2: Ball
2-2: Ball
3-2: Fly out, F5 (Popup, 56S, EV 76.9 MPH)
Batting: RHB Jodie Molen 0-0: Ball
1-0: Called Strike
1-1: Ground out 4-3 (Groundball, 4M, EV 90.0 MPH)
Batting: LHB Glenn Pichardo 0-0: Ball
1-0: DOUBLE (Groundball, 3L, EV 103.8 MPH)
Pitching: RHP Smokey Deveraux
Batting: RHB Duncan Hancock 0-0: Ball
1-0: Ball
2-0: Called Strike
2-1: Called Strike
2-2: Strikes out swinging
Top of the 8th over - 0 runs, 1 hit, 0 errors, 1 left on base; Arizona 6 - San Francisco 9
BOTTOM OF THE 8TH
San Francisco Giants batting - Pitching for Arizona Diamondbacks : RHP Marco Ortiz
Batting: RHB Rhett Damewood 0-0: Ball
1-0: Foul Ball, location: 3SF
1-1: Called Strike
1-2: Strikes out looking
Batting: RHB Nolan Peterson 0-0: Swinging Strike
0-1: Ball
1-1: Ball
2-1: Fly out, F9 (Flyball, S7, EV 101.3 MPH)
Batting: RHB Zaiden Parker 0-0: Ball
1-0: Ball
2-0: Ball
3-0: Called Strike
3-1: Called Strike
3-2: Foul Ball, location: 3F
3-2: DOUBLE (Flyball, 89D, EV 88.8 MPH)
Pitching: RHP Russ Gunn
Batting: RHB Kaiden Clackum 0-0: Called Strike
0-1: Called Strike
0-2: Ball
1-2: TRIPLE (Line Drive, 89XD, EV 100.0 MPH)
Zaiden Parker scores
Batting: LHB Jeff Edelman 0-0: Ball
1-0: Ball
2-0: Called Strike
2-1: Ball
3-1: Called Strike
3-2: Base on Balls
Batting: RHB Theodore Phu 0-0: Called Strike
0-1: Ball
1-1: Ball
2-1: Ball
3-1: Ground out 1-3 (Groundball, 25, EV 66.9 MPH)
Bottom of the 8th over - 1 run, 2 hits, 0 errors, 2 left on base; Arizona 6 - San Francisco 10
TOP OF THE 9TH
Arizona Diamondbacks batting - Pitching for San Francisco Giants : RHP Smokey Deveraux
Batting: LHB P.T. Bailey 0-0: Ball
1-0: Foul Ball, location: 5SF
1-1: Ball
2-1: Fly out, F9 (Flyball, 9LSF, EV 90.0 MPH)
Batting: LHB Peter Conrad 0-0: Called Strike
0-1: Foul Ball, location: 3F
0-2: Foul Ball, location: 2F
0-2: Foul Ball, location: 2F
0-2: Ball
1-2: Ball
2-2: Ball
3-2: Ground out U3 (Groundball, 34, EV 82.5 MPH)
Batting: RHB Gaius Raton 0-0: Ball
1-0: Swinging Strike
1-1: Ball
2-1: Called Strike
2-2: Foul Ball, location: 3F
2-2: Ball
3-2: Base on Balls
Batting: LHB Wil Solís 0-0: Foul Ball, location: 7LDF
0-1: Called Strike
0-2: Ball
1-2: Ball
2-2: Ball
3-2: 2-RUN HOME RUN (Flyball, 9LD, EV 92.5 MPH), Distance : 340 ft
Pitching: LHP Arturo Frank
Batting: SHB Enrique Mata 0-0: Fly out, F7 (Flyball, 78S, EV 91.9 MPH)
Top of the 9th over - 2 runs, 1 hit, 0 errors, 0 left on base; Arizona 8 - San Francisco 10
Thursday, March 28th , 2024 - OOTP Baseball 24.11 Build 85